Map: Frost LE

Players

ShoWTimE

  • Race: Protoss Protoss
  • League: Master

Nerchio - Winner!

  • Race: Zerg Zerg
  • League: Master

Event: DreamHack ZOWIE Open Valencia 2016

VOD

Have the link to the VOD?

Description

Time

  • Played on: July 16, 2016, 6:47 a.m.
  • Length: 14:27

All games in this series

Show
View Real Time Build Order
Export as new Build Order

ShoWTimE Protoss 

Build Orders: 1 Gate Expand, Oracle Opening 

Get SALT Encoding   

  12  0:00  Probe (Chrono Boost)  
  13  0:11  Probe (Chrono Boost)  
  14  0:19  Pylon  
  14  0:22  Probe (Chrono Boost)  
  15  0:37  Probe (Chrono Boost)  
  15  0:38  Gateway  
  16  0:45  Assimilator  
  16  0:48  Probe (Chrono Boost)  
  17  0:58  Probe (Chrono Boost)  
  18  1:09  Probe (Chrono Boost)  
  19  1:22  Nexus  
  19  1:25  Probe (Chrono Boost)  
  20  1:35  Cybernetics Core  
  20  1:38  Probe (Chrono Boost)  
  21  1:44  Assimilator  
  21  1:48  Probe (Chrono Boost)  
  22  1:56  Pylon  
  22  1:59  Probe (Chrono Boost)  
  23  2:11  Adept, Warp Gate  
  26  2:16  Probe (Chrono Boost)  
  26  2:28  Probe (Chrono Boost)  
  27  2:36  Zealot, Probe (Chrono Boost)  
  28  2:37  Stargate  
  28  2:40  Probe (Chrono Boost)  
  31  2:47  Probe (Chrono Boost)  
  33  2:52  Probe (Chrono Boost)  
  33  2:58  Mothership Core (Chrono Boost)  
  35  3:03  Probe (Chrono Boost)  
  36  3:09  Pylon  
  36  3:14  Probe (Chrono Boost)  
  36  3:16  Oracle, Probe (Chrono Boost)  
  36  3:19  Gateway  
  38  3:24  Gateway  
  38  3:27  Probe (Chrono Boost)  
  42  3:29  Probe (Chrono Boost)  
  43  3:39  Probe x2 (Chrono Boost)  
  45  3:47  Oracle  
  45  3:49  Pylon  
  45  3:50  Probe (Chrono Boost)  
  45  3:51  Probe (Chrono Boost)  
  50  4:00  Probe (Chrono Boost)  
  52  4:03  Probe (Chrono Boost)  
  52  4:06  Nexus  
  52  4:11  Probe (Chrono Boost)  
  52  4:13  Pylon  
  52  4:15  Probe (Chrono Boost)  
  54  4:21  Probe (Chrono Boost)  
  55  4:24  Adept x2  
  55  4:26  Adept  
  55  4:27  Probe (Chrono Boost)  
  62  4:33  Probe (Chrono Boost)  
  62  4:35  Assimilator  
  62  4:37  Assimilator  
  64  4:39  Probe (Chrono Boost)  
  64  4:41  Twilight Council  
  64  4:44  Forge  
  64  4:45  Probe (Chrono Boost)  
  62  5:00  Probe (Chrono Boost)  
  62  5:02  Probe (Chrono Boost)  
  64  5:11  Blink, Probe (Chrono Boost)  
  64  5:13  Sentry x2  
  64  5:14  Probe (Chrono Boost)  
  70  5:22  Protoss Ground Weapons Level 1, Probe (Chrono Boost)  
  70  5:23  Probe (Chrono Boost)  
  70  5:26  Probe (Chrono Boost)  
  73  5:31  Robotics Facility  
  73  5:33  Probe (Chrono Boost)  
  73  5:34  Probe (Chrono Boost)  
  73  5:35  Pylon  
  75  5:38  Pylon, Probe (Chrono Boost)  
  76  5:44  Probe (Chrono Boost)  
  76  5:46  Probe (Chrono Boost)  
  76  5:48  Sentry  
  80  5:50  Probe (Chrono Boost)  
  80  5:53  Gateway x2  
  80  5:55  Gateway  
  80  5:56  Probe (Chrono Boost)  
  82  5:57  Gateway  
  82  5:58  Probe (Chrono Boost)  
  82  6:01  Gateway  
  82  6:03  Probe (Chrono Boost)  
  83  6:07  Probe (Chrono Boost)  
  83  6:10  Sentry x2  
  89  6:11  Sentry, Probe (Chrono Boost)  
  89  6:14  Warp Prism, Assimilator  
  89  6:15  Photon Cannon  
  89  6:16  Probe (Chrono Boost)  
  89  6:17  Assimilator  
  89  6:18  Pylon  
  95  6:26  Probe (Chrono Boost)  
  95  6:27  Pylon, Photon Cannon  
  95  6:37  Sentry, Zealot x2  
  101  6:41  Robotics Facility  
  101  6:44  Pylon  
  101  6:48  Observer  
  102  7:00  Stalker x4  
  102  7:01  Stalker x3  
  112  7:03  Zealot  
  118  7:09  Pylon  
  118  7:12  Pylon  
  118  7:17  Immortal, Robotics Bay  
  122  7:24  Pylon  
  122  7:27  Stalker x2, Pylon  
  126  7:31  Pylon  
  126  7:33  Protoss Ground Weapons Level 2  
  126  7:40  Pylon  
  126  7:41  Stalker x4  
  126  7:42  Pylon  
  134  7:55  Pylon  
  134  8:01  Disruptor x2  
  134  8:07  Photon Cannon  
  140  8:23  Stalker x2  
  140  8:24  Pylon, Stalker, Zealot x2  
  140  8:25  Zealot x3  
  156  8:32  Disruptor  
  154  8:38  Oracle  
  157  8:50  Disruptor, Charge  
  157  8:54  Zealot x3  
  166  8:58  Pylon  
  166  8:59  Zealot x2  
  166  9:01  Zealot x3  
  176  9:04  Pylon  
  176  9:17  Disruptor  
  176  9:20  Zealot x4  
  176  9:23  Disruptor  
  190  9:39  Zealot x2  
  190  9:40  Zealot x3  
  200  9:46  Nexus  
  200  9:48  Pylon  
  192  9:57  Stargate  
  192  9:59  Fleet Beacon  
  192  10:02  Zealot x3  
  198  10:14  Zealot  
  194  10:29  Zealot x3  
  190  10:35  Zealot  
  190  10:36  Zealot x2  
  190  10:42  Templar Archives  
  190  10:47  Tempest x2  
  190  10:49  Probe (Chrono Boost)  
  197  10:54  Assimilator  
  197  10:55  Pylon  
  197  10:56  Assimilator  
  197  10:59  Protoss Ground Weapons Level 3, Probe (Chrono Boost)  
  198  11:18  Psionic Storm  
  195  11:27  High Templar x2  
  195  11:38  Zealot x4  
  195  11:39  Archon  
  187  11:41  Tempest x2, Mothership Core (Chrono Boost)  
  187  11:45  Photon Cannon  
  182  11:49  Sentry  
  182  11:51  Photon Cannon  
  182  11:52  Sentry  
  165  11:55  Photon Cannon  
  165  12:01  Sentry  
  132  12:47  Nexus  
  132  12:49  Pylon  
  105  13:07  Pylon  
  105  13:09  High Templar x3  
  109  13:24  Photon Cannon  
  109  13:25  Tempest  
  107  13:27  Pylon  
  107  13:41  Zealot x4  
  106  13:54  Stalker  
  72  14:07  High Templar x3  
  72  14:09  High Templar  
  76  14:12  Archon  
  76  14:13  Archon  
Show
View Real Time Build Order
Export as new Build Order

Nerchio Zerg - Winner!

Build Orders: Hatch First, Lurkers 

Get SALT Encoding   

  12  0:00  Drone  
  13  0:13  Overlord  
  13  0:17  Drone  
  14  0:31  Drone x2  
  14  0:34  Drone  
  17  0:53  Hatchery  
  17  0:55  Drone  
  17  0:58  Drone  
  17  1:03  Extractor  
  17  1:14  Spawning Pool  
  17  1:17  Drone  
  17  1:20  Drone  
  18  1:28  Drone  
  19  1:38  Overlord  
  19  1:50  Drone  
  20  2:00  Queen  
  22  2:03  Metabolic Boost  
  22  2:04  Queen  
  22  2:07  Zergling x2  
  25  2:10  Drone  
  25  2:14  Drone  
  27  2:16  Drone  
  29  2:22  Drone  
  29  2:27  Drone  
  30  2:39  Hatchery  
  30  2:41  Zergling x2  
  30  2:43  Drone  
  31  2:45  Drone  
  31  2:47  Drone  
  33  2:53  Overlord  
  33  3:00  Drone  
  33  3:01  Queen  
  35  3:13  Drone x5  
  35  3:15  Overlord  
  35  3:17  Drone  
  41  3:23  Zergling x4  
  43  3:33  Queen  
  45  3:35  Drone x2  
  45  3:38  Queen  
  49  3:45  Drone x2  
  49  3:46  Overlord  
  51  3:55  Drone  
  51  3:56  Drone x3  
  51  4:00  Overlord, Roach Warren  
  51  4:02  Spore Crawler  
  53  4:13  Extractor, Drone x5  
  53  4:14  Extractor  
  53  4:15  Drone x2  
  53  4:16  Drone  
  59  4:22  Lair  
  59  4:24  Extractor  
  59  4:25  Drone x2  
  59  4:28  Extractor  
  59  4:29  Extractor  
  60  4:31  Drone  
  60  4:32  Drone x2  
  60  4:33  Drone x2  
  65  4:38  Overlord  
  65  4:42  Overlord  
  65  4:44  Zergling x2  
  65  4:45  Zergling x2  
  67  4:47  Zergling x4  
  67  4:48  Zergling x4  
  67  4:53  Drone  
  67  4:54  Drone  
  67  4:57  Drone  
  67  4:58  Drone  
  67  4:59  Drone  
  67  5:01  Drone  
  67  5:04  Drone  
  67  5:05  Drone  
  70  5:07  Drone  
  70  5:09  Drone  
  70  5:11  Drone  
  73  5:21  Drone x6  
  77  5:26  Overlord  
  78  5:33  Hydralisk Den  
  78  5:34  Roach x4  
  85  5:37  Overlord  
  85  5:40  Overlord  
  84  5:50  Overlord  
  84  5:53  Extractor, Drone x3  
  84  5:54  Overlord, Drone x2  
  84  5:55  Extractor  
  86  5:57  Glial Reconstitution  
  86  5:59  Overlord  
  83  6:13  Muscular Augments, Hydralisk x5  
  83  6:16  Hydralisk  
  95  6:28  Drone x3  
  98  6:33  Hydralisk x2  
  98  6:37  Drone x2  
  98  6:38  Drone  
  98  6:39  Drone  
  106  6:44  Drone x2  
  106  6:46  Evolution Chamber  
  107  6:48  Hatchery  
  107  6:52  Hydralisk x3  
  107  6:53  Hydralisk  
  114  6:56  Hydralisk  
  116  7:01  Overlord  
  116  7:04  Ravager x2  
  116  7:05  Hydralisk x2  
  116  7:07  Ravager  
  116  7:08  Ravager  
  124  7:09  Zergling x4  
  124  7:11  Zergling x2  
  124  7:12  Zergling x2  
  124  7:13  Zergling x2  
  124  7:15  Hydralisk  
  129  7:20  Zerg Melee Weapons Level 1  
  131  7:23  Lurker Den  
  131  7:26  Overlord  
  131  7:27  Hydralisk x2  
  135  7:30  Overlord  
  135  7:39  Overseer  
  135  7:41  Drone x2  
  135  7:42  Drone x2  
  139  7:45  Overlord  
  139  7:50  Hydralisk x3  
  145  7:53  Evolution Chamber  
  144  7:59  Overlord x2, Drone x2  
  144  8:00  Infestation Pit  
  144  8:02  Extractor  
  144  8:05  Drone x3  
  147  8:07  Zergling x6  
  147  8:08  Zergling x4  
  147  8:09  Zergling x4  
  154  8:16  Zergling x2  
  154  8:17  Zergling x8  
  154  8:19  Extractor  
  158  8:23  Zergling x10  
  158  8:26  Zergling x4  
  158  8:27  Zergling x2  
  166  8:41  Hive  
  166  8:48  Spire  
  165  8:50  Lurker x8  
  165  8:51  Spore Crawler  
  165  8:52  Spine Crawler  
  165  8:53  Drone x3  
  165  8:55  Zergling x8  
  175  8:59  Zergling x6  
  175  9:00  Zergling x2  
  175  9:01  Zergling x2  
  183  9:03  Zergling x2  
  183  9:07  Overlord x2  
  183  9:09  Zergling x2  
  185  9:11  Zerg Missile Weapons Level 1  
  185  9:13  Overlord  
  185  9:20  Zerg Melee Weapons Level 2  
  185  9:21  Overlord  
  180  10:00  Corruptor x9, Greater Spire  
  198  10:15  Adrenal Glands  
  184  10:30  Zergling x18  
  184  10:31  Zergling x4  
  184  10:34  Zergling x2  
  184  10:35  Zergling x12  
  181  10:42  Hydralisk x2  
  177  10:48  Zergling x10  
  177  10:49  Zergling x4  
  178  10:58  Zergling x12  
  176  11:14  Brood Lord x9  
  176  11:17  Zergling x8  
  197  11:24  Zerg Flyer Armor Level 1  
  176  11:41  Hydralisk x2  
  176  11:42  Hydralisk x8  
  189  11:50  Hydralisk x4  
  197  11:55  Hydralisk  
  194  12:09  Viper x2  
  189  12:17  Zergling x2  
  189  12:18  Zergling x26  
  185  12:28  Viper  
  177  12:34  Zergling x18  
  160  12:46  Hydralisk x3  
  165  12:55  Zergling x12  
  165  12:56  Zergling x2  
  157  13:02  Hydralisk  
  157  13:03  Hydralisk x2  
  157  13:05  Hydralisk  
  157  13:08  Zergling x2  
  157  13:09  Zergling x4  
  157  13:12  Zergling x6  
  163  13:19  Zergling x8  
  167  13:20  Zergling x2  
  166  13:33  Hydralisk x4  
  168  13:36  Hydralisk, Hatchery  
  175  13:43  Hydralisk x2  
  170  13:51  Hydralisk  
  170  13:52  Hydralisk x2  
  163  13:57  Zergling x10  
  163  13:58  Zergling x2  
  163  14:00  Zergling x2  

Tags
 
Add a new tag
Caveats
  • Supply blocks, unpowered buildings, or Contaminate may cause inaccurate times.
  • Supply counts are checked every 10 seconds.